 Dungeon Crawl Stone Soup version 0.17-a0-1404-gb8113a6 (webtiles) character file.

661 urechis the Spear-Bearer (level 7, -1/50 HPs)
             Began as a Merfolk Gladiator on June 21, 2015.
             Slain by a killer bee (4 damage)
             ... on level 5 of the Dungeon.
             The game lasted 00:14:23 (4060 turns).

urechis the Spear-Bearer (Merfolk Gladiator)        Turns: 4060, Time: 00:14:24

Health: -1/50      AC:  5    Str: 21    XL:     7   Next: 56%
Magic:  0/0        EV: 14    Int:  7    God:
Gold:   229        SH:  0    Dex: 16    Spells: 0 memorised, 6 levels left

rFire  . . .     SeeInvis .     v - +0 spear
rCold  . . .     Clarity  .     x - +1 leather armour of the Serpent {MR+ MP-9 Str+5}
rNeg   . . .     SustAt   .     (no shield)
rPois  .         Gourm    .     c - +0 helmet
rElec  .         Spirit   .     (no cloak)
rCorr  .         Warding  .     (no gloves)
rMut   .         Stasis   .     (no boots)
MR     +....                    (no amulet)
Stlth  +.........               (no ring)
                                (no ring)

@: lethally poisoned (-1 -> -19), hasted, very quick, somewhat resistant to
hostile enchantments, very unstealthy
A: change form in water, swift swim
a: no special abilities


You were on level 5 of the Dungeon.
You were very hungry.

You visited 1 branch of the dungeon, and saw 5 of its levels.

You collected 229 gold pieces.

Inventory:

Hand weapons
 a - a +0 trident
 v - a +0 spear (weapon)
Missiles
 e - 4 throwing nets (quivered)
Armour
 c - a +0 helmet (worn)
 h - a +0 buckler
 x - the +1 leather armour of the Serpent (worn) {MR+ MP-9 Str+5}
   (You found it on level 4 of the Dungeon)

   It affects your strength (+5).
   It affects your resistance to hostile enchantments.
   It affects your magic capacity (-9).
Scrolls
 g - 2 scrolls of amnesia {unknown}
 j - a scroll of immolation {unknown}
 m - 3 scrolls of remove curse {unknown}
 n - 3 scrolls of teleportation
 p - a scroll of fog {unknown}
Potions
 f - 2 potions of brilliance
 i - a potion of flight {unknown}
 l - a potion of might {unknown}
 q - 2 potions of resistance
 r - a potion of mutation {unknown}
 t - a potion of haste
Comestibles
 d - 6 bread rations
 k - a beef jerky
 s - a slice of pizza
 u - 4 fruits
 w - 2 meat rations


   Skills:
 - Level 2.1 Fighting
 + Level 10.4 Polearms
 - Level 2.0 Throwing
 - Level 4.0 Dodging
 - Level 4.0 Shields


You had 6 spell levels left.
You didn't know any spells.

Dungeon Overview and Level Annotations

Branches:
Dungeon (5/15)
 Temple: D:4-7

Altars:
Dithmenos
Okawaru
Vehumet
The Shining One


Message History

The killer bee stings you but does no damage.
The killer bee stings you.
You are more poisoned.
The killer bee poisons you!
You feel sick. The killer bee stings you.
* * * LOW HITPOINT WARNING * * *
You are lethally poisoned!
The killer bee poisons you!
* * * LOW HITPOINT WARNING * * *
You feel sick. The killer bee stings you.
* * * LOW HITPOINT WARNING * * *
You are more poisoned.
The killer bee poisons you!
* * * LOW HITPOINT WARNING * * *
You feel sick. The killer bee completely misses you.
Drink which item? (? for menu, Esc to quit)
It was a potion of haste.
You feel yourself speed up.
* * * LOW HITPOINT WARNING * * *
You feel sick. The killer bee stings you.
You die...

#.##.# ###.#.# ###
#....###.. #.###.#.# #.#
##.# #.# #.# #.# #.#
#####.####.######.#
#.@...............#
#y###.####...##### ###
#y# #.####.>#.##
#....####y###...##.###.##
#..............## ##.#
######.#####.##.###.##
#.# #.###.#.## #.# #[#
#..## #†# #># #..#


You could see 3 killer bees.

Vanquished Creatures
  Grinder (D:3)
  A centaur (D:4)
  A giant frog (D:4)
  A killer bee (D:5)
  Ijyb (D:3)
  An orc wizard (D:4)
  Jessica (D:3)
  A worker ant (D:4)
  6 adders
  2 oozes
  2 adder skeletons (D:4)
  2 worms (D:3)
  2 giant geckos (D:4)
  11 orcs
  5 giant cockroaches
  11 goblins
  11 hobgoblins
  4 jackals (D:4)
  11 kobolds
  2 quokkas
  9 bats
  5 giant newts
  A quokka skeleton (D:4)
  5 rats
97 creatures vanquished.

Notes
Turn   | Place    | Note
--------------------------------------------------------------
     0 | D:1      | urechis the Merfolk Gladiator began the quest for the Orb.
     0 | D:1      | Reached XP level 1. HP: 16/16 MP: 1/1
   165 | D:1      | Reached skill level 5 in Polearms
   165 | D:1      | Reached XP level 2. HP: 22/22 MP: 2/2
   369 | D:1      | Reached skill level 6 in Polearms
   369 | D:1      | Reached XP level 3. HP: 27/27 MP: 3/3
   607 | D:2      | Found a faded altar to an unknown god.
   674 | D:2      | Found a radiant altar of Vehumet.
   683 | D:2      | Found a glowing golden altar of the Shining One.
   967 | D:2      | Found a shadowy altar of Dithmenos.
  1303 | D:3      | Noticed Ijyb
  1330 | D:3      | Killed Ijyb
  1330 | D:3      | Reached skill level 7 in Polearms
  1330 | D:3      | Reached XP level 4. HP: 14/33 MP: 4/4
  1409 | D:3      | Noticed Grinder
  1728 | D:3      | Noticed Jessica
  1731 | D:3      | Killed Jessica
  1736 | D:3      | Reached skill level 8 in Polearms
  1736 | D:3      | Reached XP level 5. HP: 17/38 MP: 5/5
  2162 | D:3      | Paralysed by Grinder for 5 turns
  2263 | D:4      | Reached skill level 9 in Polearms
  2539 | D:4      | Got a faintly humming leather armour
  2550 | D:4      | Identified the +1 leather armour of the Serpent {MR+ MP-9 Str+5} (You found it on level 4 of the Dungeon)
  2682 | D:4      | Reached XP level 6. HP: 37/44 MP: 0/6
  2709 | D:4      | Noticed a centaur
  2729 | D:4      | Killed a centaur
  2729 | D:4      | Reached skill level 1 in Shields
  3653 | D:3      | Found an iron altar of Okawaru.
  3813 | D:3      | Paralysed by Grinder for 4 turns
  3826 | D:3      | Paralysed by Grinder for 4 turns
  3865 | D:3      | Killed Grinder
  3865 | D:3      | Reached skill level 10 in Polearms
  3865 | D:3      | Reached XP level 7. HP: 13/50 MP: 0/7
  3899 | D:5      | Entered Level 5 of the Dungeon
  4060 | D:5      | Slain by a killer bee

Vault maps used:
D:1:      dpeg_arrival_radiant, kennysheep_nondescript
D:2:      lemuel_doored_altar, lemuel_crystal_altar,
          nicolae_overflow_hidden_temple, first_bread, ecumenical_altar_2
D:3:      okawaru_altar_gauntlet_db, uniq_jessica, uniq_iyjb, uniq_grinder
D:5:      lemuel_crystal_altar, serial_shops, kennysheep_mini,
          hangedman_decor_peaks_small, uniq_edmund

Action                   |  1- 3 |  4- 6 |  7- 9 || total
-------------------------+-------+-------+-------++-------
Melee: Trident           |   111 |       |       ||   111
       Spear             |    37 |   320 |    12 ||   369
  Use: Scroll            |       |     4 |       ||     4
       Potion            |       |     3 |     1 ||     4
 Stab: Sleeping          |       |     5 |       ||     5
  Eat: Chunk             |     1 |     7 |       ||     8
       Fruit             |       |       |     1 ||     1
